 Dungeon Crawl Stone Soup version 0.23.2-33-g5129a83184 (webtiles) character file.

Game seed: 4564861294593245144

255574 t4s4d4r the Fencer (level 19, -5/137 HPs)
             Began as an Octopode Gladiator on July 20, 2019.
             Was an Initiate of Gozag.
             Slain by a tengu reaver
             ... wielding a +0 battleaxe
              (26 damage)
             ... while paralysed by a great orb of eyes
             ... on level 2 of the Depths.
             The game lasted 01:59:38 (54088 turns).

t4s4d4r the Fencer (Octopode Gladiator)            Turns: 54088, Time: 01:59:39

Health: -5/137     AC: 18    Str: 13    XL:     19   Next: 78%
Magic:  30/30      EV:  2    Int: 11    God:    Gozag
Gold:   927        SH:  0    Dex: 21    Spells: 18/27 levels left

rFire    + . .     SeeInvis +   a - +7 great sword (drain)
rCold    . . .     Gourm    .   (shield currently unavailable)
rNeg     . . .     Faith    .   b - +2 hat
rPois    .         Spirit   .   L - amulet of the acrobat
rElec    .         Reflect  .   x - ring of see invisible
rCorr    .         Harm     .   B - +2 ring of slaying
MR       +....                  l - +6 ring of evasion
Stlth    +++++++...             A - +5 ring of protection
HPRegen  0.32/turn              F - +3 ring of protection
MPRegen  0.22/turn              G - +3 ring of protection
                                T - +4 ring of protection
                                X - ring of protection from fire

@: paralysed, lethally poisoned (-5 -> -26)
A: almost no armour, stealthy swim, amphibious, 8 rings, constrict 8, camouflage
1, gelatinous body 1
}: 2/15 runes: serpentine, barnacled
a: Potion Petition, Call Merchant, Bribe Branch, Renounce Religion


You were on level 2 of the Depths.
You worshipped Gozag.
Gozag was pleased with you.
You were not hungry.

You visited 7 branches of the dungeon, and saw 34 of its levels.
You also visited: Ice Cave.

You collected 13318 gold pieces.
You spent 7217 gold pieces at shops.
You paid 5174 gold pieces to Gozag.

Inventory:

Hand Weapons
 a - a +7 great sword of draining (weapon)
 Y - a +0 great sword of flaming
Missiles
 c - 17 throwing nets
 j - 963 stones (quivered)
Armour
 b - a +2 hat (worn)
Jewellery
 f - an uncursed ring of ice
 h - an uncursed ring of resist corrosion
 k - an uncursed ring of fire
 l - a +6 ring of evasion (on tentacle)
 x - a ring of see invisible (left tentacle)
 A - a +5 ring of protection (on tentacle)
 B - a +2 ring of slaying (right tentacle)
 F - a +3 ring of protection (on tentacle)
 G - a +3 ring of protection (on tentacle)
 L - an amulet of the acrobat (around mantle)
 S - the ring "Orrefa" {+Fly rF+ rN+++ MR- MP+9}
   (You bought it in a shop on level 4 of the Snake Pit)

   [ring of magical power]

   It protects you from fire.
   It renders you almost immune to negative energy.
   It affects your resistance to hostile enchantments.
   It affects your magic capacity (+9).
   It lets you fly.
 T - a +4 ring of protection (on tentacle)
 X - a ring of protection from fire (on tentacle)
Wands
 r - a wand of scattershot (6)
 u - a wand of paralysis (18)
 D - a wand of disintegration (12)
 Q - a wand of acid (11)
 W - a wand of iceblast (20)
Scrolls
 g - 12 scrolls of remove curse
 p - 11 scrolls of teleportation
 v - a scroll of summoning
 E - 11 scrolls of identify
 I - a scroll of holy word
 J - 7 scrolls of fog
 N - a scroll of blinking
 P - a scroll of brand weapon
 R - 3 scrolls of magic mapping
 U - 2 scrolls of fear
Potions
 i - 7 potions of agility
 m - 2 potions of cancellation
 o - 2 potions of flight
 q - 4 potions of haste
 t - a potion of magic
 C - 4 potions of curing
 M - 2 potions of might
 V - a potion of heal wounds
Miscellaneous
 n - a sack of spiders
 w - a lightning rod (4/4)
 y - a lamp of fire
 H - a phial of floods
 K - 3 phantom mirrors
 O - 2 boxes of beasts
Comestibles
 d - 13 rations


   Skills:
 - Level 14.6 Fighting
 - Level 20.1 Long Blades
 - Level 2.0 Throwing
 - Level 14.7 Dodging
 + Level 13.3 Stealth
 + Level 4.8 Spellcasting
 - Level 2.2 Hexes
 - Level 2.2 Summonings
 * Level 7.5 Translocations
 - Level 14.7 Evocations


You had 18 spell levels left.
You knew the following spells:

 Your Spells              Type           Power        Failure   Level  Hunger
a - Animate Skeleton      Necr           N/A          22%         1    None
b - Apportation           Tloc           ###...       1%          1    None
c - Confusing Touch       Hex            #.....       9%          1    None
d - Passwall              Tmut/Erth      #.......     32%         2    ##.....
e - Summon Butterflies    Summ           #.......     9%          1    None
f - Lesser Beckoning      Tloc           ###.......   3%          3    ###....

Your spell library contained the following spells:

 Spells                   Type           Power        Failure   Level  Hunger
 Summon Small Mammal      Summ           #...         9%          1    None
 Call Imp                 Summ           #.......     13%         2    ##.....
 Flame Tongue             Conj/Fire      #....        22%         1    None
 Freeze                   Ice            #...         22%         1    None
 Sandblast                Erth           #.....       22%         1    None
 Sting                    Conj/Pois      #...         22%         1    None
 Ensorcelled Hibernation  Hex/Ice        #.....       22%         2    ##.....
 Call Canine Familiar     Summ           #.......     26%         3    ###....
 Summon Guardian Golem    Hex/Summ       #.......     26%         3    ###....
 Tukima's Dance           Hex            #.......     26%         3    ###....
 Poisonous Vapours        Pois/Air       #.....       32%         2    ##.....
 Throw Flame              Conj/Fire      #.....       32%         2    ##.....
 Inner Flame              Hex/Fire       #.......     38%         3    ###....
 Conjure Flame            Conj/Fire      #.......     54%         3    ###....
 Mephitic Cloud           Conj/Pois/Air  #.......     54%         3    ###....
 Stone Arrow              Conj/Erth      #.....       54%         3    ###....
 Fulminant Prism          Conj/Hex       #.........   80%         4    ####...
 Summon Ice Beast         Ice/Summ       #.......     80%         4    ####...
 Summon Lightning Spire   Summ/Air       #.......     80%         4    ####...
 Olgreb's Toxic Radiance  Pois           #.......     91%         4    ####...
 Petrify                  Tmut/Erth      #.......     91%         4    ####...
 Sticky Flame             Conj/Fire      #.......     91%         4    ####...
 Summon Mana Viper        Hex/Summ       #.......     94%         5    ######.
 Metabolic Englaciation   Hex/Ice        #.........   98%         5    ######.
 Silence                  Hex/Air        #.........   98%         5    ######.
 Alistair's Intoxication  Tmut/Pois      #.......     99%         5    ######.
 Borgnjor's Vile Clutch   Necr/Erth      #.........   99%         5    ######.
 Fireball                 Conj/Fire      #.........   99%         5    ######.
 Lee's Rapid Deconstruct  Erth           #.........   99%         5    ######.
 Venom Bolt               Conj/Pois      #.........   99%         5    ######.
 Darkness                 Hex            #.........   100%        6    #######
 Invisibility             Hex            #.......     100%        6    #######
 Shadow Creatures         Summ           N/A          100%        6    #######
 Summon Hydra             Summ           #.........   100%        7    #######


Dungeon Overview and Level Annotations

Branches:
Dungeon (15/15)            Temple (1/1) D:6            Lair (6/6) D:8
 Shoals (4/4) Lair:2        Snake (4/4) Lair:3        Slime (0/5) Lair:5
    Orc (2/2) D:11            Elf (0/3) Orc:2        Vaults (0/5) D:14
 Depths (2/5) D:15

Altars:
Ashenzari
Cheibriados
Dithmenos
Elyvilon
Fedhas
Gozag
Hepliaklqana
Kikubaaqudgha
Makhleb
Nemelex Xobeh
Okawaru
Qazlal
Ru
Sif Muna
Trog
Uskayaw
Xom
Yredelemnul
Zin
The Shining One
Beogh
Jiyva

Shops:
D:6 *   D:7 (   D:8 =   D:11 *((*%   D:12 [   Orc:2 [(:*   Lair:1 =
Shoals:1 :   Snake:1 }   Snake:2 }   Snake:3 [   Snake:4 =

Portals:
Hell: Depths:1 Depths:2
Abyss: Depths:1
Ziggurat: Depths:2

Annotations:
D:8 3 runed translucent doors, Erica; Harold; lepoulpe303's ghost, novice DsGl
D:12 3 runed translucent doors
Lair:5 exclusions: hydra and 2 oklob plants
Shoals:3 exclusion: Roxanne, Roxanne
Snake:1 Aizul
Snake:3 Bai Suzhen
Depths:1 3 runed translucent doors, kae's ghost, adept HOFi
Depths:2 1 runed translucent door


Innate Abilities, Weirdness & Mutations

You cannot wear most types of armour.
You are very stealthy in the water. (Stealth+)
You are amphibious.
You can wear up to eight rings at the same time.
You can use your tentacles to constrict eight enemies at once.
Your skin changes colour to match your surroundings (Stealth+).
Your rubbery body absorbs attacks. (AC +1, EV +1)


Message History

The great orb of eyes bites you but does no damage.
You feel very sick.
The tengu reaver hits you with a +0 battleaxe!!
The tengu reaver pecks you. The tengu reaver claws you.
* * * LOW HITPOINT WARNING * * *
The great orb of eyes bites you but does no damage.
You feel very sick.
The great orb of eyes bites you but does no damage.
The tengu reaver hits you with a +0 battleaxe!
* * * LOW HITPOINT WARNING * * *
The tengu reaver pecks you but does no damage.
The tengu reaver claws you but does no damage.
* * * LOW HITPOINT WARNING * * *
You feel sick. The great orb of eyes bites you.
* * * LOW HITPOINT WARNING * * *
* * * LOW HITPOINT WARNING * * *
You feel very sick.
The tengu reaver hits you with a +0 battleaxe!!
You die...
Your body crumbles into a pile of gold.

###... #.########## ###...# .#
#.# # ###...## #.# #.# ##### #
###..C#..# #.#.#.###....# #
###hhZ#...(######.#.#.##....# #
##Z.S#####..Q........#.#....# #
$ZiQ#######.##...).#.#.....######
###pZQy*Q.*..#.#QG*###..........)
#.##########.#@(............)..
#p# #.#.#.#....#.#.####. #.#
#.#........#........ #Z#
#.#.#.####.#.#...### #.^ ..#<#...
..#.##...##
#########################.###...#
..........................# ##...
########################### ##..
###


You could see a tengu reaver, a great orb of eyes and a battlesphere.

Vanquished Creatures
  A lich (Depths:2)
  Jorgrun (Orc:1)
  Kirke (Shoals:3)
  8 nagarajas
  2 tengu reavers (Depths:1)
  2 fire giants
  A frost giant (Depths:2)
  A juggernaut zombie (Depths:2)
  2 stone giants
  8 very ugly things
  A juggernaut skeleton (Depths:1)
  A dire elephant (D:15)
  A spark wasp (Depths:2)
  4 merfolk javelineers
  11 merfolk impalers
  5 ettins
  A fire dragon (Depths:2)
  Josephine (D:12)
  Snorg (D:11)
  A great orb of eyes (Depths:1)
  A yaktaur captain (Depths:1)
  3 rakshasas
  2 ice dragons
  2 spriggan air magi
  A vault guard (D:14)
  4 hydras
  3 merfolk aquamancers
  7 merfolk avatars
  19 naga warriors
  5 anacondas
  7 centaur warriors
  2 two-headed ogres
  An alligator snapping turtle (Shoals:4)
  3 deep troll earth magi (Depths:2)
  2 tengu warriors
  A vampire mage (Depths:1)
  12 death yaks
  4 deep troll shamans (Depths:1)
  5 spriggan berserkers
  9 naga sharpshooters
  A shock serpent (Snake:3)
  An orc high priest (Orc:1)
  7 hell knights
  2 skeletal warriors
  8 deep trolls
  11 sea snakes
  3 unseen horrors
  2 naga ritualists
  A wizard (D:15)
  A flayed ghost (D:15)
  23 harpies
  A necromancer (Depths:1)
  4 mana vipers
  20 ugly things
  4 fauns
  4 orc sorcerers
  10 salamanders
  2 oklob plants (Lair:5)
  15 manticores
  A wolf spider (D:15)
  A manticore (shapeshifter) (Depths:2)
  A guardian serpent (shapeshifter) (D:15)
  4 water nymphs
  17 cyclopes
  An elephant (Lair:6)
  3 guardian serpents (Snake:2)
  5 merfolk sirens
  A stone giant skeleton (Depths:1)
  12 spiny frogs
  28 black mambas
  16 naga magi
  3 gargoyles
  A torpor snail (Lair:6)
  A spriggan zombie (Depths:1)
  6 komodo dragons
  2 kobold demonologists (D:15)
  20 yaktaurs
  7 rime drakes
  A freezing wraith (D:15)
  2 tengu conjurers
  2 jumping spiders (shapeshifter) (Depths:2)
  A polar bear (shapeshifter) (Depths:1)
  A queen bee (shapeshifter) (Depths:1)
  3 trolls
  42 merfolk
  A wolf spider simulacrum (D:15)
  2 wind drakes
  6 hornets
  9 slime creatures
  9 hippogriffs
  16 blink frogs
  9 snapping turtles
  16 dream sheep
  5 spriggans
  17 water elementals
  A wyvern (D:10)
  5 hogs (Shoals:3)
  4 wraiths
  39 yaks
  A basilisk (D:15)
  4 hungry ghosts
  11 humans (D:14)
  6 vampire mosquitoes
  2 wargs (Orc:1)
  An acid dragon (D:13)
  53 nagas
  18 water moccasins
  6 porcupines
  16 ice beasts
  13 orc warriors
  3 sky beasts
  2 phantoms
  2 black bears
  An eye of draining (shapeshifter) (Depths:2)
  2 eyes of draining (D:11)
  10 ogres
  A necrophage (D:7)
  4 boggarts
  5 centaurs
  15 crocodiles
  30 wolves
  4 big kobolds
  Blork the orc (D:3)
  20 bullfrogs
  3 wyvern zombies
  3 scorpions
  13 killer bees
  8 wights
  4 electric eels
  4 crimson imps
  4 centaur zombies
  A quasit (D:10)
  3 bullfrog zombies
  3 hounds
  12 orc priests
  A gnoll shaman (D:9)
  5 jellies
  30 orc wizards
  3 bullfrog skeletons
  An iron imp (Depths:1)
  A centaur skeleton (D:8)
  3 iguanas
  10 worker ants
  A centaur simulacrum (D:11)
  A hound skeleton (D:3)
  4 gnolls (D:9)
  11 adders
  A howler monkey skeleton (D:8)
  2 shadow imps
  4 worms
  3 dart slugs
  3 leopard geckos
  76 orcs
  5 giant cockroaches
  7 goblins
  5 hobgoblins
  12 jackals
  18 kobolds
  4 quokkas
  7 bats
  5 frilled lizards
  A jackal zombie (D:5)
  4 rats
  A fungus (Lair:6)
  8 plants
1114 creatures vanquished.

Vanquished Creatures (collateral kills)
  A deep troll (Depths:2)
1 creature vanquished.

Vanquished Creatures (others)
  A human (Shoals:3)
  2 boggarts (Depths:1)
  2 bushes (Lair:6)
  8 fungi
  27 plants
40 creatures vanquished.

Grand Total: 1155 creatures vanquished

Notes
Turn   | Place    | Note
-------+----------+-------------------------------------------
     0 | D:1      | t4s4d4r the Octopode Gladiator began the quest for the Orb.
     0 | D:1      | Reached XP level 1. HP: 14/14 MP: 1/1
   122 | D:1      | Reached XP level 2. HP: 19/19 MP: 2/2
   545 | D:1      | Reached skill level 4 in Long Blades
   553 | D:1      | Reached XP level 3. HP: 14/24 MP: 3/3
  1279 | D:2      | HP: 1/24 [adder (4)]
  1281 | D:2      | Reached XP level 4. HP: 2/29 MP: 4/4
  1664 | D:2      | Reached skill level 5 in Long Blades
  1856 | D:2      | Found a hazy altar of Hepliaklqana.
  1857 | D:2      | Found a shimmering altar of Xom.
  1857 | D:2      | Noticed a tentacled monstrosity
  1858 | D:2      | Noticed a spectral ugly thing
  1858 | D:2      | Noticed a tentacled monstrosity
  2208 | D:2      | Reached XP level 5. HP: 34/34 MP: 5/5
  2559 | D:3      | Reached skill level 6 in Long Blades
  2829 | D:3      | Reached XP level 6. HP: 36/39 MP: 6/6
  3091 | D:4      | Noticed Blork the orc
  3115 | D:3      | Killed Blork the orc
  3115 | D:3      | Reached skill level 7 in Long Blades
  3585 | D:4      | Reached XP level 7. HP: 36/45 MP: 7/7
  3678 | D:4      | Reached skill level 8 in Long Blades
  3797 | D:5      | Entered Level 5 of the Dungeon
  4008 | D:5      | Reached skill level 9 in Long Blades
  4160 | D:5      | Reached XP level 8. HP: 12/50 MP: 8/8
  4690 | D:5      | Found a stormy altar of Qazlal.
  5093 | D:6      | Found Acedievvau's Elemental Accessories.
  5502 | D:6      | Reached skill level 10 in Long Blades
  5619 | D:6      | Found a staircase to the Ecumenical Temple.
  5635 | Temple   | Entered the Ecumenical Temple
  5641 | Temple   | Became a worshipper of Gozag Ym Sagoz the Greedy
  6244 | D:6      | Reached XP level 9. HP: 53/58 MP: 9/9
  6273 | D:6      | Reached skill level 1 in Stealth
  6807 | D:7      | Reached skill level 5 in Dodging
  6983 | D:7      | Found Eguuson's Weapon Shop.
  7081 | D:7      | Found a sparkling altar of Nemelex Xobeh.
  7321 | D:8      | Noticed a cyclops
  7323 | D:8      | Noticed lepoulpe303's ghost (novice DsGl)
  7329 | D:8      | Found a runed translucent gate.
  7329 | D:8      | Found a runed translucent gate.
  7329 | D:8      | Found a runed translucent gate.
  7422 | D:8      | Found a staircase to the Lair.
  7593 | D:8      | Noticed Erica
  7936 | D:8      | Found a bloodstained altar of Trog.
  7995 | D:8      | Reached skill level 11 in Long Blades
  8180 | D:8      | Found Jywkoser's Jewellery Boutique.
  8183 | D:8      | Bought a +2 ring of slaying for 315 gold pieces
  8228 | D:8      | Noticed Harold
  8357 | D:9      | Reached skill level 5 in Fighting
  8552 | D:9      | Noticed a gargoyle
  8589 | D:9      | Killed a gargoyle
  8632 | D:9      | Found a deep blue altar of Sif Muna.
  8664 | D:9      | Reached XP level 10. HP: 65/65 MP: 10/10
  8830 | D:9      | Reached skill level 5 in Stealth
  9665 | D:9      | Reached skill level 12 in Long Blades
 10085 | D:10     | Entered Level 10 of the Dungeon
 10492 | D:8      | Bought a +3 ring of protection for 315 gold pieces
 10492 | D:8      | Bought a +3 ring of protection for 315 gold pieces
 10913 | D:10     | Reached XP level 11. HP: 73/73 MP: 11/11
 11324 | D:10     | Learned a level 1 spell: Animate Skeleton
 11326 | D:10     | Learned a level 1 spell: Apportation
 11328 | D:10     | Learned a level 1 spell: Confusing Touch
 11331 | D:11     | Noticed a green ugly thing
 11366 | D:11     | Noticed Snorg
 11509 | D:11     | Reached skill level 13 in Long Blades
 11628 | D:11     | Killed an unseen horror
 11856 | D:11     | Noticed a cyan ugly thing
 11862 | D:11     | Noticed a brown ugly thing
 11868 | D:11     | Killed a cyan ugly thing
 11874 | D:11     | Killed a brown ugly thing
 11936 | D:11     | Noticed a two-headed ogre
 12013 | D:11     | Found a staircase to the Orcish Mines.
 12051 | D:11     | Killed a green ugly thing
 12169 | D:12     | Noticed a cyclops
 12289 | D:12     | Killed a cyclops
 12372 | D:12     | Found a runed translucent gate.
 12373 | D:12     | Found a runed translucent gate.
 12373 | D:12     | Found a runed translucent gate.
 12373 | D:12     | Noticed a cyan ugly thing
 12374 | D:12     | Noticed a brown ugly thing
 12374 | D:12     | Noticed a green ugly thing
 12375 | D:12     | Noticed a purple very ugly thing
 12375 | D:12     | Noticed a green ugly thing
 12375 | D:12     | Noticed a white ugly thing
 12427 | D:12     | Killed an unseen horror
 12505 | D:12     | Found Kuawazxom's Antique Armour Shoppe.
 12560 | D:12     | Noticed a cyclops
 12585 | D:12     | Killed a cyclops
 12666 | D:12     | Noticed a cyclops
 12755 | D:12     | Killed a cyclops
 13149 | D:12     | Noticed Josephine
 13156 | D:12     | Killed Josephine
 13156 | D:12     | Reached skill level 14 in Long Blades
 13156 | D:12     | Reached XP level 12. HP: 74/83 MP: 12/12
 13290 | D:12     | Learned a level 2 spell: Passwall
 13333 | D:12     | Noticed a two-headed ogre
 13443 | D:11     | Killed a two-headed ogre
 13843 | D:12     | Killed a two-headed ogre
 14078 | D:13     | Found a basalt altar of Yredelemnul.
 14149 | D:13     | Paralysed by a hornet for 2 turns
 14372 | D:13     | Noticed a centaur warrior
 14384 | D:13     | Killed a centaur warrior
 15156 | D:13     | Noticed an eight-headed hydra
 15429 | D:6      | Bought a wand of iceblast (9) for 156 gold pieces
 15507 | Lair:1   | Entered Level 1 of the Lair of Beasts
 15516 | Lair:1   | Reached skill level 1 in Evocations
 15527 | Lair:1   | Bought an uncursed ring of see invisible for 225 gold
                  | pieces
 15627 | Lair:1   | Found a sacrificial altar of Ru.
 15736 | Lair:1   | Noticed an eight-headed hydra
 15747 | Lair:1   | Found a frozen archway.
 15761 | Lair:1   | Reached skill level 5 in Evocations
 15772 | IceCv    | Entered an ice cave
 15787 | IceCv    | Found a transporter.
 16030 | Lair:1   | Reached XP level 13. HP: 36/89 MP: 16/18
 16968 | Lair:2   | Reached skill level 10 in Dodging
 17036 | Lair:2   | Found a staircase to the Shoals.
 17294 | Lair:2   | Reached skill level 15 in Long Blades
 17799 | Lair:3   | Found a staircase to the Snake Pit.
 17955 | Lair:3   | Reached skill level 10 in Fighting
 20196 | Lair:5   | Found a staircase to the Slime Pits.
 20612 | Lair:5   | Reached skill level 10 in Stealth
 21093 | Lair:6   | Entered Level 6 of the Lair of Beasts
 21128 | Lair:5   | Reached XP level 14. HP: 77/98 MP: 19/19
 21477 | Lair:6   | Reached skill level 1 in Hexes
 21557 | Lair:6   | Reached skill level 1 in Spellcasting
 21798 | Lair:6   | Reached skill level 16 in Long Blades
 23699 | D:14     | Learned a level 1 spell: Summon Butterflies
 23833 | D:14     | Found a sacrificial altar of Ru.
 23858 | D:14     | Reached skill level 1 in Summonings
 23896 | D:14     | Reached XP level 15. HP: 92/106 MP: 20/20
 24051 | D:14     | Found a gate to the Vaults.
 24264 | D:15     | Entered Level 15 of the Dungeon
 24705 | D:15     | Reached skill level 17 in Long Blades
 25215 | D:15     | Found a staircase to the Depths.
 25478 | Orc:1    | Entered Level 1 of the Orcish Mines
 25486 | Orc:1    | Noticed Jorgrun
 25508 | Orc:1    | Killed Jorgrun
 26383 | Orc:2    | Entered Level 2 of the Orcish Mines
 26383 | Orc:2    | Found a roughly hewn altar of Beogh.
 26554 | Orc:2    | Found a staircase to the Elven Halls.
 26571 | Orc:2    | Found Esiuwn's Antique Armour Shoppe.
 26607 | Orc:2    | Found Evaojosk's Book Boutique.
 26773 | Orc:2    | Found Momoot Ucloi's Antique Weapon Shop.
 26880 | Orc:2    | Found a roughly hewn altar of Beogh.
 26966 | Orc:2    | Found Nezuutaq's General Store.
 27291 | Orc:2    | Bought a scroll of teleportation for 45 gold pieces
 27994 | D:11     | Bought a scroll of fog for 70 gold pieces
 27994 | D:11     | Bought a potion of haste for 350 gold pieces
 27998 | D:11     | Bought a potion of curing for 45 gold pieces
 27998 | D:11     | Bought a potion of curing for 45 gold pieces
 28022 | D:11     | Killed Snorg
 28091 | D:11     | Found Colow's Food Boutique.
 28623 | Snake:1  | Entered Level 1 of the Snake Pit
 28740 | Snake:1  | Reached skill level 18 in Long Blades
 29556 | Snake:1  | Noticed Aizul
 30382 | Lair:1   | Reached XP level 16. HP: 115/115 MP: 21/21
 31121 | Snake:1  | Bought a wand of acid (5) for 252 gold pieces
 31121 | Snake:1  | Bought a lamp of fire for 560 gold pieces
 31729 | Snake:2  | Noticed a nagaraja
 31737 | Snake:2  | Killed a nagaraja
 31802 | Snake:2  | Found Ileath's Gadget Shop.
 31813 | Snake:2  | Bought a box of beasts for 260 gold pieces
 32018 | Snake:2  | Noticed a nagaraja
 32032 | Snake:2  | Killed a nagaraja
 33141 | Snake:3  | Noticed Bai Suzhen
 33272 | Snake:3  | Reached skill level 10 in Evocations
 33862 | Snake:3  | Found Ryewuite's Antique Armour Shop.
 34025 | Snake:4  | Entered Level 4 of the Snake Pit
 34460 | Snake:4  | Noticed a nagaraja
 34477 | Snake:4  | Killed a nagaraja
 34847 | Snake:4  | Found Oplall's Jewellery Shoppe.
 34860 | Snake:4  | Bought the ring "Orrefa" {+Fly rF+ rN+++ MR- MP+9} for 581
                  | gold pieces
 34860 | Snake:4  | Bought an uncursed ring of protection from fire for 275
                  | gold pieces
 35258 | Snake:4  | Noticed a nagaraja
 35355 | Snake:4  | Killed a nagaraja
 35448 | Snake:4  | Reached XP level 17. HP: 115/122 MP: 25/25
 36117 | Depths:1 | Entered Level 1 of the Depths
 38246 | Depths:1 | Found a one-way gate to the infinite horrors of the Abyss.
 38266 | Depths:1 | Found a runed translucent gate.
 38267 | Depths:1 | Found a runed translucent gate.
 38268 | Depths:1 | Found a runed translucent gate.
 38274 | Depths:1 | Noticed kae's ghost (adept HOFi)
 38276 | Depths:1 | Found a viscous altar of Jiyva.
 39216 | Depths:1 | Found a gateway to Hell.
 39453 | Depths:2 | Noticed a tentacled monstrosity
 39454 | Depths:2 | Found a runed translucent door.
 39454 | Depths:2 | Noticed a lich
 39454 | Depths:2 | Noticed a lich
 39469 | Depths:2 | Killed a lich
 39959 | Depths:1 | Reached skill level 19 in Long Blades
 40702 | Depths:1 | Reached XP level 18. HP: 56/129 MP: 29/29
 41560 | Depths:2 | Noticed a caustic shrike
 41677 | Depths:2 | Noticed a titan
 41679 | Depths:2 | Noticed a lich
 42540 | Depths:2 | Found a gateway to a ziggurat.
 43064 | Depths:2 | Noticed a titan
 44142 | Snake:1  | Bought a sack of spiders for 280 gold pieces
 44142 | Snake:1  | Bought a lightning rod (4/4) for 560 gold pieces
 44175 | Snake:2  | Bought a phantom mirror for 390 gold pieces
 44175 | Snake:2  | Bought a box of beasts for 260 gold pieces
 44175 | Snake:2  | Bought a wand of acid (9) for 338 gold pieces
 44282 | Shoals:1 | Entered Level 1 of the Shoals
 44460 | Shoals:1 | Found Dener's Book Shoppe.
 45351 | Shoals:1 | Reached skill level 20 in Long Blades
 47158 | Snake:4  | Reached skill level 1 in Translocations
 48043 | Snake:4  | Reached XP level 19. HP: 112/137 MP: 30/30
 49581 | Snake:4  | Got a serpentine rune of Zot
 49941 | Shoals:1 | Bought a book of Party Tricks for 500 gold pieces
 49945 | Shoals:1 | Learned a level 3 spell: Lesser Beckoning
 49976 | Shoals:3 | Noticed Roxanne
 50650 | Shoals:3 | Noticed Kirke
 50692 | Shoals:3 | Reached skill level 5 in Translocations
 50696 | Shoals:3 | Killed Kirke
 51044 | Shoals:4 | Entered Level 4 of the Shoals
 51690 | Shoals:4 | Got a barnacled rune of Zot
 52301 | Shoals:4 | Identified the Reference Book on Damaging Cold
 53212 | Shoals:4 | Found the +8 mithril axe "Arga" {speed, MR+}
 53433 | Lair:1   | Bought an uncursed ring of resist corrosion for 300 gold
                  | pieces
 53558 | Snake:2  | Bought a wand of scattershot (6) for 390 gold pieces
 53558 | Snake:2  | Bought a phantom mirror for 390 gold pieces
 54082 | Depths:2 | Paralysed by a great orb of eyes for 6 turns
 54088 | Depths:2 | Slain by a tengu reaver

Skill      XL: |  1  2  3  4  5  6  7  8  9 10 11 12 13 14 15 16 17 18 19 |
---------------+----------------------------------------------------------+-----
Long Blades    | 4 5 6 7 9 10 11 12 14 15 16 18 19 20 | 20.1
Fighting       | 4 5 6 8 9 10 11 12 13 14 | 14.6
Dodging        | 4 5 7 8 9 10 11 12 13 14 | 14.7
Stealth        | 4 6 7 10 11 13 | 13.3
Evocations     | 6 7 11 14 | 14.7
Hexes          | 2 |  2.2
Spellcasting   | 2 4 |  4.8
Summonings     | 1 2 |  2.2
Translocations | 2 7 |  7.5
Throwing       | |  2.0

Action                   |  1- 3 |  4- 6 |  7- 9 | 10-12 | 13-15 | 16-18 | 19-21 || total
-------------------------+-------+-------+-------+-------+-------+-------+-------++-------
Melee: Long sword        |    50 |   118 |   263 |   392 |       |       |       ||   823
       Constrict         |    18 |    37 |    57 |    80 |   160 |   143 |    80 ||   575
       Tentacles         |    10 |    33 |    90 |   179 |   286 |   333 |   124 ||  1055
       Great sword       |       |       |       |   131 |   889 |  1045 |   395 ||  2460
Throw: Throwing net      |       |       |     2 |     1 |       |     2 |       ||     5
       Stone             |       |       |     1 |     1 |     3 |    16 |    34 ||    55
 Cast: Apportation       |       |       |       |       |       |     2 |       ||     2
Invok: Call Merchant     |       |       |       |     1 |     4 |     1 |       ||     6
Evoke: Wand              |       |       |       |     9 |    19 |     7 |     4 ||    39
       Phial of floods   |       |       |       |     1 |     2 |     2 |       ||     5
       Lamp of fire      |       |       |       |       |       |     1 |       ||     1
  Use: Scroll            |       |     4 |     8 |     6 |    14 |    12 |       ||    44
       Potion            |       |     8 |     1 |       |       |     5 |     1 ||    15
 Stab: Sleeping          |     3 |     8 |     8 |    18 |    40 |    21 |     6 ||   104
       Held in net/web   |       |       |     1 |       |       |       |       ||     1
       Distracted        |       |       |     3 |     1 |    17 |    12 |     3 ||    36
  Eat: Chunk             |     1 |     7 |     6 |       |       |       |       ||    14
       Ration            |       |       |     5 |     7 |    14 |    16 |     6 ||    48
Armor: Skin              |     7 |     4 |     5 |    67 |    96 |   165 |    47 ||   391
Dodge: Dodged            |    42 |    87 |   236 |   434 |   898 |  1279 |   450 ||  3426
       Rpst.: Long sword |    12 |    29 |    60 |   101 |       |       |       ||   202
       Great sword       |       |       |       |    38 |   214 |   227 |    62 ||   541
